 Dungeon Crawl Stone Soup version 0.16.1-51-g6203257 (console) character file.

123 2d6 the Charlatan (level 5, -1/29 HPs)
             Began as a Kobold Wanderer on July 16, 2015.
             Was an Initiate of Ru.
             Slain by a gnoll
             ... wielding a +0 flail
              (11 damage)
             ... on level 3 of the Dungeon.
             The game lasted 00:22:56 (2678 turns).

2d6 the Charlatan (Kobold Wanderer)                 Turns: 2678, Time: 00:22:56

Health: -1/29      AC:  4    Str: 10    XL:     5   Next: 29%
Magic:  9/9        EV: 15    Int:  9    God:    Ru [......]
Gold:   78         SH:  0    Dex: 18    Spells: 1 memorised, 8 levels left

rFire  . . .     SeeInvis .     a - +4 short sword
rCold  . . .     Clarity  .     d - +0 robe
rNeg   . . .     SustAb   .     (no shield)
rPois  .         Gourm    .     (no helmet)
rElec  .         Spirit   .     (no cloak)
rCorr  .         Warding  .     (no gloves)
rMut   .         Stasis   .     (no boots)
MR     .....                    (no amulet)
Stlth  ++........               (no ring)
                                j - +2 ring of protection

@: not resistant to hostile enchantments, unstealthy
A: carnivore 3
a: Renounce Religion


You were on level 3 of the Dungeon.
You worshipped Ru.
Ru was noncommittal.
You were completely stuffed.

You visited 1 branch of the dungeon, and saw 3 of its levels.

You collected 78 gold pieces.

Inventory:

Hand weapons
 a - a +4 short sword (weapon)
 b - a +1 hunting sling of freezing
 e - a +0 dagger
 r - a +0 dagger
Missiles
 g - 12 sling bullets
 n - 82 stones (quivered)
 u - 10 poisoned needles
 v - 7 arrows of frost
Armour
 d - a +0 robe (worn)
 k - a +1 ring mail of cold resistance
Jewellery
 j - a +2 ring of protection (left hand)
Magical devices
 s - a wand of flame (12)
Scrolls
 l - 2 scrolls of fear {unknown}
 m - a scroll of magic mapping {unknown}
 p - a scroll of amnesia {unknown}
 q - 2 scrolls of remove curse {unknown}
Potions
 h - a potion of restore abilities {unknown}
 i - a potion of haste {unknown}
Books
 c - Zud Mneg's Catalogue of Orientation

   Spells                             Type                      Level
   a - Apportation                    Translocation                1
   b - Portal Projectile              Translocation                3
 t - Alistair's Volume of Venom

   Spells                             Type                      Level
   a - Sting                          Conjuration/Poison           1
   b - Cure Poison                    Poison                       2
Comestibles
 f - 3 meat rations
 o - a slice of pizza
 w - 2 chunks of flesh


   Skills:
 - Level 1.2 Fighting
 + Level 0.6 Short Blades
   Level 1.7 Axes
 - Level 1.3 Throwing
 - Level 1.0 Armour
 + Level 1.9 Dodging
 + Level 2.4 Stealth
 * Level 2.7 Spellcasting
 - Level 1.0 Conjurations
   Level 1.0 Hexes
   Level 2.0 Translocations
 - Level 3.0 Evocations


You had 8 spell levels left.
You knew the following spells:

 Your Spells              Type           Power        Failure   Level  Hunger
a - Sting                 Conj/Pois      #...         28%         1    ##.....


Dungeon Overview and Level Annotations

Branches:
Dungeon (3/15)

Altars:
Ru


Innate Abilities, Weirdness & Mutations

You are small and have problems with some larger weapons.
You are carnivorous and can eat meat at any time.


Message History

Casting: Sting
Confirm with . or Enter, or press ? or * to list all spells.
Aiming: Sting
Press: ? - help, Shift-Dir - straight line, f/p - worm
Aim: a worm (almost dead)
The sting hits the worm.
The worm is poisoned.
You kill the worm!
You see here a gnoll corpse.
You butcher the gnoll corpse.
w - 4 chunks of flesh You see here a gnoll skeleton.
Eat one of 4 chunks of flesh? (ye/n/q/i?) This raw flesh tastes great.
You continue eating. x2
Eat one of 3 chunks of flesh? (ye/n/q/i?) This raw flesh tastes great.
You continue eating. x2
The gnoll shouts!
The gnoll hits you with a flail!
You die...

#.# #.#.# #.# #.#.#
#.# #.#.## #.#
#...(# # #.###.#..#
.########........##
..................+
...#########...#g##
##.# #........g#@#
#.# ........g#.#
#.# .........#.#
#.# .........#.#
#.# ..........#
##.# .......###
...# ......# ####
......# .......


You could see a gnoll.

Vanquished Creatures
  2 gnolls (D:3)
  4 adders
  2 worms
  2 giant geckos (D:1)
  5 bats
  5 giant cockroaches
  8 hobgoblins
  A jackal (D:1)
  2 quokkas (D:2)
  A ball python (D:2)
  3 giant newts
  9 goblins
  7 kobolds
  9 rats
60 creatures vanquished.

Notes
Turn   | Place    | Note
--------------------------------------------------------------
     0 | D:1      | 2d6, the Kobold Wanderer, began the quest for the Orb.
     0 | D:1      | 2d6 set off with: a wand of flame (15), Alistair's Volume of Venom, Zud Mneg's Catalogue of Orientation, a +0 robe, a +0 dagger, a meat ration
     0 | D:1      | Reached XP level 1. HP: 10/10 MP: 3/3
     0 | D:1      | Identified Alistair's Volume of Venom
     0 | D:1      | Identified Zud Mneg's Catalogue of Orientation
     2 | D:1      | Learned a level 1 spell: Sting
   107 | D:1      | Reached skill level 1 in Stealth
   143 | D:1      | Reached XP level 2. HP: 1/15 MP: 1/4
   799 | D:1      | Reached skill level 1 in Conjurations
   904 | D:1      | Reached skill level 1 in Dodging
   904 | D:1      | Reached XP level 3. HP: 10/19 MP: 3/6
  1492 | D:2      | HP: 1/20 [worm (9)]
  1821 | D:2      | Reached XP level 4. HP: 13/24 MP: 5/7
  1859 | D:2      | Reached skill level 1 in Fighting
  2038 | D:2      | Found a sacrificial altar of Ru.
  2051 | D:2      | Became a worshipper of Ru the Awakened
  2237 | D:2      | Reached skill level 3 in Evocations
  2466 | D:3      | Reached XP level 5. HP: 24/29 MP: 5/9
  2678 | D:3      | Slain by a gnoll

Action                   |  1- 3 |  4- 6 || total
-------------------------+-------+-------++-------
Melee: Dagger            |    79 |       ||    79
       Short sword       |    28 |    60 ||    88
 Fire: Hunting sling     |     1 |       ||     1
Throw: Stone             |     1 |       ||     1
 Cast: Sting             |    38 |    14 ||    52
Evoke: Wand              |     3 |       ||     3
  Use: Potion            |     1 |     1 ||     2
 Stab: Paralysed         |       |     1 ||     1
       Sleeping          |       |     1 ||     1
  Eat: Chunk             |    13 |     4 ||    17
